 Dungeon Crawl Stone Soup version 0.26-a0-23-g3ae7099 (webtiles) character file.

Game seed: 11735634191991625091, levelgen mode: deterministic

1940 Cycle the Thaumaturge (level 8, -3/36 HPs)
             Began as a Spriggan Enchanter on May 27, 2020.
             Shot with a bolt by an orc (14 damage)
             ... in a bailey.
             The game lasted 00:34:52 (10805 turns).

Cycle the Thaumaturge (Spriggan Enchanter)         Turns: 10805, Time: 00:34:52

Health: -3/36      AC:  9    Str:  4    XL:     8   Next: 98%
Magic:  21/21      EV: 22    Int: 18    God:
Gold:   189        SH:  0    Dex: 17    Spells: 11/24 levels left

rFire    . . .     SeeInvis +   a - +2 dagger
rCold    . . .     Gourm    .   (shield restricted)
rNeg     + . .     Faith    .   r - +2 robe {rN+}
rPois    .         Spirit   .   (helmet restricted)
rElec    .         Reflect  .   d - +0 cloak
rCorr    .         Harm     .   (gloves unavailable)
MR       +....                  (boots unavailable)
Stlth    ++........             (no amulet)
HPRegen  0.12/turn              b - ring of wizardry
MPRegen  0.17/turn              z - +4 ring of protection

@: hasted, quick
A: very small, unfitting armour, see invisible, herbivore, speed 3, slow
metabolism 2
a: no special abilities


You were in a bailey.
You were not hungry.

You visited 2 branches of the dungeon, and saw 8 of its levels.
You also visited: Sewer and Bailey.

You collected 189 gold pieces.

Inventory:

Hand Weapons
 a - a +2 dagger (weapon)
 E - a +1 dagger of holy wrath
Missiles
 e - 275 stones
 o - a throwing net
 u - 12 poisoned darts (quivered)
Armour
 d - a +0 cloak (worn)
 r - a +2 robe of positive energy (worn)
Jewellery
 b - a ring of wizardry (left hand)
 q - an uncursed ring of fire
 z - a +4 ring of protection (right hand)
Scrolls
 c - 2 scrolls of enchant weapon
 f - 5 scrolls of fear
 k - 6 scrolls of teleportation
 n - a scroll of enchant armour
 t - a scroll of remove curse
 y - a scroll of immolation
Potions
 h - a potion of stabbing {unknown}
 i - a potion of heal wounds {unknown}
 j - 2 potions of cancellation
 l - 2 potions of might
 m - 8 potions of flight
 p - 4 potions of curing
 v - a potion of magic {unknown}
 A - a potion of brilliance {unknown}
 B - 2 potions of lignification
 C - a potion of resistance {unknown}
Comestibles
 D - 3 rations


   Skills:
 - Level 4.6 Short Blades
 - Level 6.4 Dodging
 - Level 7.6 Stealth
 - Level 8.9 Spellcasting
 + Level 0.0 Conjurations
 - Level 7.1 Hexes
 - Level 1.0 Translocations
 + Level 0.0 Air Magic
 + Level 0.0 Poison Magic
   Level 3.5 Evocations


You had 11 spell levels left.
You knew the following spells:

 Your Spells              Type           Power        Failure   Level  Hunger
a - Ensorcelled Hibernat  Hex/Ice        ###...       1%          2    None
c - Confusing Touch       Hex            ####....     1%          3    None
d - Tukima's Dance        Hex            ####....     1%          3    None
e - Blink                 Tloc           N/A          3%          2    None
f - Mephitic Cloud        Conj/Pois/Air  #.......     11%         3    None

Your spell library contained the following spells:

 Spells                   Type           Power        Failure   Level  Hunger
 Corona                   Hex            ####...      1%          1    None
 Slow                     Hex            ####....     1%          2    None
 Portal Projectile        Hex/Tloc       ###...       1%          3    None
 Cause Fear               Hex            ####......   1%          4    ###....
 Apportation              Tloc           ##....       2%          1    None
 Dazzling Flash           Conj/Hex       ###...       2%          3    None
 Inner Flame              Hex/Fire       ###.....     2%          3    None
 Magic Dart               Conj           #...         3%          1    None
 Call Imp                 Summ           #.......     6%          2    None
 Leda's Liquefaction      Hex/Erth       ###.......   9%          4    ###....
 Conjure Flame            Conj/Fire      #.......     11%         3    None


Dungeon Overview and Level Annotations

Branches:
Dungeon (7/15)             Temple (1/1) D:5           Sewer (visited)
 Bailey (1/1)

Altars:
Ashenzari
Cheibriados
Elyvilon
Fedhas
Hepliaklqana
Kikubaaqudgha
Makhleb
Nemelex Xobeh
Okawaru
Qazlal
Ru
Sif Muna
Trog
Uskayaw
Vehumet
Xom
Yredelemnul
The Shining One

Shops:
D:6 =


Innate Abilities, Weirdness & Mutations

You are very small and have problems with some larger weapons.
You are too small for most types of armour.
You have supernaturally acute eyesight. (SInv)
You are a herbivore.
You cover ground extremely quickly.
You need to consume almost no food.


Message History

You see here 3 bolts.
The orc shoots a bolt.
The bolt completely misses you.
You hear a splash.
The orc warrior shoots a bolt.
The bolt misses you.
You hear a splash.
You see here 2 bolts.
You feel better.
The orc warrior shoots a bolt.
The bolt closely misses you.
You hear a splash.
You see here a bolt.
You start resting.
The orc is too close now for your liking.
The orc shouts!
The orc shoots a bolt.
The bolt completely misses you.
The orc shoots a bolt.
The bolt completely misses you.
You hear a splash.
You see here a bolt.
The orc shoots a bolt.
The bolt closely misses you.
The orc shoots a bolt.
The bolt hits you!
You die...

...............(.(...(..#
≈≈≈≈≈≈≈o≈≈≈≈≈≈≈≈≈≈......#
≈≈≈≈≈≈≈≈≈≈≈≈≈#.#≈≈......#
≈≈≈≈≈≈≈≈(((≈##.##≈.(....#
≈≈≈≈≈≈≈≈≈(≈≈..^.)≈......#
≈≈≈≈≈≈≈≈≈≈≈≈#∩.##≈......#
≈≈###≈≈≈≈≈≈≈≈#.#≈≈......#
## ####≈≈≈≈≈≈≈≈≈≈......#
##≈≈(≈≈@o≈≈......#
##≈≈≈≈≈≈≈≈......#
#≈≈≈≈≈≈≈≈......#
##≈≈≈≈≈≈≈......#
#≈≈≈≈≈≈≈......#
#(≈≈≈≈≈≈.(....#
#(≈≈≈≈≈≈......#
#((≈≈≈≈≈.(....#
#(≈≈≈≈≈≈).....#


You could see 2 orcs.

Vanquished Creatures
  Duvessa (D:4)
  An orc warrior (D:6)
  An ice beast (D:5)
  2 ogres
  2 centaurs
  2 big kobolds (Sewer)
  A bullfrog (D:6)
  A gnoll sergeant (D:6)
  Dowan (D:4)
  3 hounds
  A jelly (D:5)
  4 orc priests (D:4)
  6 orc wizards
  3 iguanas
  Natasha (twice) (D:3)
  3 worker ants
  A hound zombie (D:6)
  7 adders
  6 gnolls
  3 river rats (Sewer)
  3 oozes
  An adder skeleton (D:6)
  4 worms
  3 dart slugs (D:1)
  4 leopard geckos
  23 orcs
  9 bats
  3 giant cockroaches
  12 goblins
  8 hobgoblins
  14 jackals
  6 ball pythons
  5 frilled lizards
  A jackal zombie (D:5)
  14 kobolds
  A leopard gecko skeleton (D:4)
  A quokka skeleton (D:5)
  A quokka zombie (D:5)
  13 rats
177 creatures vanquished.

Vanquished Creatures (collateral kills)
  Sigmund (D:2)
1 creature vanquished.

Grand Total: 178 creatures vanquished

Notes
Turn   | Place    | Note
-------+----------+-------------------------------------------
     0 | D:1      | Cycle the Spriggan Enchanter began the quest for the Orb.
     0 | D:1      | Reached XP level 1. HP: 9/9 MP: 5/5
    71 | D:1      | Reached skill level 3 in Spellcasting
   202 | D:1      | Reached XP level 2. HP: 11/13 MP: 7/7
   573 | D:1      | Learned a level 2 spell: Ensorcelled Hibernation
  1155 | D:1      | Reached skill level 4 in Spellcasting
  1177 | D:1      | Reached XP level 3. HP: 16/16 MP: 9/9
  1513 | D:2      | Noticed Sigmund
  1718 | D:2      | Learned a level 3 spell: Confusing Touch
  1722 | D:2      | Learned a level 3 spell: Tukima's Dance
  2869 | D:1      | Reached XP level 4. HP: 10/21 MP: 11/11
  3144 | D:2      | Killed Sigmund
  3144 | D:2      | Reached skill level 5 in Spellcasting
  3144 | D:2      | Reached skill level 5 in Hexes
  3144 | D:2      | Reached XP level 5. HP: 24/24 MP: 10/14
  3234 | D:2      | Found a white marble altar of Elyvilon.
  3680 | D:2      | Reached skill level 6 in Spellcasting
  3870 | D:3      | Noticed Natasha
  3879 | D:3      | Killed Natasha
  4090 | D:3      | Noticed Natasha
  4112 | D:3      | Killed Natasha
  4112 | D:3      | Reached XP level 6. HP: 24/28 MP: 2/16
  4127 | D:3      | Found a sparkling altar of Nemelex Xobeh.
  4231 | D:3      | Found a glowing drain.
  4240 | Sewer    | Entered a sewer
  5379 | D:3      | Reached skill level 5 in Stealth
  5379 | D:3      | Reached skill level 7 in Spellcasting
  5379 | D:3      | Reached XP level 7. HP: 19/32 MP: 7/18
  5869 | D:4      | Noticed Dowan
  6052 | D:4      | Killed Dowan
  6223 | D:4      | Found a hide-covered altar of Uskayaw.
  6529 | D:4      | Noticed Duvessa
  6559 | D:4      | Found a sacrificial altar of Ru.
  6743 | D:4      | Killed Duvessa
  7071 | D:4      | Reached skill level 5 in Dodging
  7614 | D:5      | Entered Level 5 of the Dungeon
  7627 | D:5      | Found a staircase to the Ecumenical Temple.
  7634 | Temple   | Entered the Ecumenical Temple
  7997 | D:5      | Found an iron altar of Okawaru.
  8051 | D:5      | Reached skill level 8 in Spellcasting
  8051 | D:5      | Reached XP level 8. HP: 36/36 MP: 21/21
  8206 | D:5      | Reached skill level 1 in Evocations
  8237 | D:5      | Found an ancient bone altar of Kikubaaqudgha.
  8242 | D:5      | Found a shimmering blue altar of Sif Muna.
  8244 | D:5      | Found a radiant altar of Vehumet.
  8248 | D:5      | Identified Sif Muna's Incunabulum of the Voyage
  9070 | D:6      | Found Woqoeha's Jewellery Boutique.
  9554 | D:6      | Learned a level 2 spell: Blink
  9558 | D:6      | Learned a level 3 spell: Mephitic Cloud
  9648 | D:6      | Found a burning altar of Makhleb.
  9648 | D:6      | Found a blossoming altar of Fedhas.
  9777 | D:6      | Reached skill level 1 in Translocations
 10267 | D:7      | Found a flagged portal.
 10277 | Bailey   | Entered a bailey
 10805 | Bailey   | Shot with a bolt by an orc

Illustrated notes

Levels and vault maps discovered:
D:1:      ebering_trefoil_3fold, layout_basic
D:2:      layout_basic, elyvilon_altar_1, cheibrodos_gnoll_hut, uniq_sigmund
D:3:      layout_loops_ring, gup_sewer_entry_bubbles,
          nemelex_xobeh_ov_fountains_minmay, uniq_natasha
D:4:      layout_loops_ring, hangedman_ru_absence, kennysheep_mini_moat,
          first_ration, grunt_ministairs_2, kennysheep_boxes, uniq_duvessa
D:5:      layout_gridville, grunt_temple_overflow_magic_moments,
          old_standard_altar, minmay_temple_entry_waves
D:6:      layout_loops_ring, chequers_temple_overflow_statue_of_worship,
          serial_shops, nicolae_shop_crystal, abandoned_shop
D:7:      minmay_cornered_nines, layout_gridville,
          grunt_dithmenos_smoke_and_mirrors, enter_bailey_2
Temple:   jpeg_temple_island
Bailey:   bailey_polearm_2, bailey

Skill      XL: |  1  2  3  4  5  6  7  8 |
---------------+-------------------------+-----
Spellcasting   | 3 4 5 6 7 8 |  8.9
Hexes          | 4 5 6 7 |  7.1
Short Blades   | 2 3 4 |  4.6
Dodging        | 4 5 6 |  6.4
Stealth        | 5 6 7 |  7.6
Evocations     | 3 |  3.5
Translocations | 1 |  1.0

Action                   |  1- 3 |  4- 6 |  7- 9 || total
-------------------------+-------+-------+-------++-------
Melee: Dagger            |   196 |   197 |   209 ||   602
Throw: Stone             |     1 |       |     1 ||     2
       Dart              |       |       |     3 ||     3
       Throwing net      |       |       |     1 ||     1
 Cast: Corona            |    25 |     7 |     3 ||    35
       Ensorcelled Hiber |     1 |    55 |   102 ||   158
       Tukima's Dance    |       |     2 |       ||     2
       Confusing Touch   |       |     1 |     2 ||     3
Evoke: Wand              |       |       |    14 ||    14
  Use: Scroll            |       |       |    14 ||    14
       Potion            |       |       |     3 ||     3
 Stab: Sleeping          |     6 |    27 |    55 ||    88
       Distracted        |       |     1 |     1 ||     2
       Confused          |       |       |     2 ||     2
  Eat: Ration            |       |     2 |     2 ||     4
Armor: Robe              |    18 |    23 |    23 ||    64
Dodge: Dodged            |   192 |   153 |   133 ||   478

Table legend:
 A = Non-vault XP
 B = Vault XP
 C = Vault XP percentage of total XP
 D = Non-vault monster count
 E = Vault monster count
 F = Vault count percentage of total count
                 A         B        C        D         E       F
            +---------+---------+-------+---------+---------+-------
      Total |    1991 |     781 |  28.2 |     146 |      32 |  18.0
            +---------+---------+-------+---------+---------+-------
        D:1 |      65 |       0 |   0.0 |      34 |       0 |   0.0
        D:2 |     113 |     128 |  53.1 |      26 |       4 |  13.3
        D:3 |     179 |      51 |  22.2 |      20 |       6 |  23.1
        D:4 |     259 |     352 |  57.6 |      13 |       7 |  35.0
        D:5 |     531 |       0 |   0.0 |      23 |       0 |   0.0
        D:6 |     841 |       0 |   0.0 |      29 |       0 |   0.0
        D:7 |       3 |       0 |   0.0 |       1 |       0 |   0.0
      Sewer |       0 |     241 | 100.0 |       0 |      12 | 100.0
     Bailey |       0 |       9 | 100.0 |       0 |       3 | 100.0
            +---------+---------+-------+---------+---------+-------
